 Dungeon Crawl Stone Soup version 0.24.0-125-gc4c63601f3 (webtiles) character file.

Game seed: 10820091225669841031, levelgen mode: deterministic

14740 daybak the Tainter (level 12, -23/79 HPs)
             Began as an Octopode Venom Mage on Mar 19, 2020.
             Was an Elder of Makhleb.
             Killed from afar by a gargoyle (27 damage)
             ... with a stone arrow
             ... on level 12 of the Dungeon.
             The game lasted 01:32:29 (13136 turns).

daybak the Tainter (Octopode Venom Mage)           Turns: 13136, Time: 01:32:30

Health: -23/79     AC:  1    Str:  9    XL:     12   Next: 19%
Magic:  16/33      EV: 16    Int: 17    God:    Makhleb [****..]
Gold:   592        SH:  6    Dex: 16    Spells: 13/27 levels left

rFire    + . .     SeeInvis .   a - +4 trident
rCold    . . .     Gourm    .   l - +1 buckler of the Sneaky Tales {rF+ Regen+}
rNeg     . . .     Faith    .   (helmet restricted)
rPois    .         Spirit   .   (no amulet)
rElec    .         Reflect  .   I - ring of resist corrosion
rCorr    +         Harm     .   J - ring of stealth
MR       .....                  p - ring of magical power
Stlth    ++++++....             (no ring)
HPRegen  0.63/turn              (no ring)
MPRegen  0.23/turn              (no ring)
                                (no ring)
                                (no ring)

@: very slightly contaminated, studying Throwing
A: almost no armour, stealthy swim, amphibious, 8 rings, constrict 8, camouflage
1, gelatinous body 1
a: Minor Destruction, Lesser Servant of Makhleb, Major Destruction, Renounce
Religion


You were on level 12 of the Dungeon.
You worshipped Makhleb.
Makhleb was greatly pleased with you.
You were not hungry.

You visited 1 branch of the dungeon, and saw 12 of its levels.

You collected 592 gold pieces.

Inventory:

Hand Weapons
 a - a +4 trident (weapon)
 M - the +1 spear "Killer Bee's Curse" {pierce, Int+2}
   (You found it on level 10 of the Dungeon)

   It inflicts extra damage upon your enemies.
   It affects your intelligence (+2).
Missiles
 g - 75 poisoned darts
 h - a throwing net
 j - 8 silver boomerangs
 K - 3 javelins (quivered)
 N - 8 boomerangs
Armour
 l - the +1 buckler of the Sneaky Tales (worn) {rF+ Regen+}
   (You took it off a gnoll on level 10 of the Dungeon)

   It protects you from fire.
   It increases your rate of regeneration.
 D - a +3 buckler
Magical Staves
 b - an uncursed staff of death
 v - an uncursed staff of fire
Jewellery
 p - a ring of magical power (on tentacle)
 I - a ring of resist corrosion (left tentacle)
 J - a ring of stealth (right tentacle)
Wands
 m - a wand of polymorph (7)
 s - a wand of flame (21)
 y - a wand of random effects (40)
 F - a wand of acid (8)
 G - a wand of paralysis (7)
 L - a wand of iceblast (8)
Scrolls
 c - 2 scrolls of teleportation
 d - 4 scrolls of enchant armour
 e - 3 scrolls of blinking
 i - 7 scrolls of remove curse
 k - 3 scrolls of magic mapping
 n - 4 scrolls of fog
 x - 4 scrolls of amnesia
Potions
 f - 2 potions of resistance
 q - a potion of agility
 t - a potion of ambrosia
 u - 2 potions of lignification
 w - a potion of invisibility
 z - 2 potions of curing
 A - a potion of might
 B - a potion of mutation
 C - 4 potions of flight
 E - a potion of haste {unknown}
 H - a potion of cancellation
Books
 r - a manual of Throwing
Comestibles
 o - 11 rations
 O - 8 chunks of flesh


   Skills:
 * Level 6.0 Fighting
 * Level 6.8 Polearms
 * Level 3.8 Throwing
 - Level 5.0 Dodging
 - Level 7.3 Stealth
 - Level 4.1 Shields
 - Level 0.4 Unarmed Combat
 + Level 8.1 Spellcasting
   Level 1.4 Conjurations
 * Level 4.1 Charms
 * Level 5.7 Necromancy
 - Level 1.1 Air Magic
 - Level 10.1 Poison Magic
 * Level 6.0 Invocations


You had 13 spell levels left.
You knew the following spells:

 Your Spells              Type           Power        Failure   Level  Hunger
b - Poisonous Vapours     Pois/Air       ####..       1%          2    None
c - Olgreb's Toxic Radia  Pois           #####...     1%          4    ###....
d - Animate Skeleton      Necr           N/A          1%          1    None
e - Regeneration          Chrm/Necr      ###.......   4%          3    #......
f - Animate Dead          Necr           N/A          10%         4    ###....

Your spell library contained the following spells:

 Spells                   Type           Power        Failure   Level  Hunger
 Pain                     Necr           ####         1%          1    None
 Sting                    Conj/Pois      ####         1%          1    None
 Vampiric Draining        Necr           ####......   3%          3    #......
 Mephitic Cloud           Conj/Pois/Air  ###.....     5%          3    #......
 Venom Bolt               Conj/Pois      ####......   26%         5    #####..
 Cause Fear               Hex            #.........   71%         4    ###....
 Silence                  Hex/Air        #.........   92%         5    #####..
 Yara's Violent Unravell  Hex/Tmut       #.........   96%         5    #####..
 Deflect Missiles         Chrm/Air       ###.......   99%         6    ######.
 Discord                  Hex            #.........   100%        8    #######


Dungeon Overview and Level Annotations

Branches:
Dungeon (12/15)            Temple (0/1) D:6            Lair (0/6) D:10
    Orc: D:9-12

Altars:
Cheibriados
Fedhas
Gozag
Makhleb
Okawaru
Ru
Trog
Vehumet
Xom
Yredelemnul
Zin

Shops:
D:4 =   D:5 [   D:9 %

Annotations:
D:3 exclusion: downstairs
D:6 1 runed translucent door, Crazy Yiuf
D:7 exclusions: centaur warrior, fire dragon, steam dragon and 2 wizards
D:9 exclusion: downstairs
D:11 2 transporters, exclusions: downstairs and orange crystal statue, Snorg
D:12 Frances


Innate Abilities, Weirdness & Mutations

You cannot wear most types of armour.
You are very stealthy in the water. (Stealth+)
You are amphibious.
You can wear up to eight rings at the same time.
You can use your tentacles to constrict eight enemies at once.
Your skin changes colour to match your surroundings (Stealth+).
Your rubbery body absorbs attacks. (AC +1, EV +1)


Message History

Found a scroll of teleportation.
Throwing (i - inventory. (/) - cycle)
K - 6 javelins (quivered)
Press: ? - help, Shift-Dir - straight line, f - gargoyle
Aim: a gargoyle, wielding a +0 mace (translocational energy, almost destroyed)
You throw a javelin.
The javelin pierces through the gargoyle but does no damage.
The gargoyle is almost destroyed.
Throwing (i - inventory. (/) - cycle)
K - 5 javelins (quivered)
Press: ? - help, Shift-Dir - straight line, f/p - gargoyle
Aim: a gargoyle, wielding a +0 mace (almost destroyed)
You throw a javelin.
The javelin completely misses the gargoyle.
Throwing (i - inventory. (/) - cycle)
K - 4 javelins (quivered)
Press: ? - help, Shift-Dir - straight line, f/p - gargoyle
Aim: a gargoyle, wielding a +0 mace (almost destroyed)
You throw a javelin.
The javelin closely misses the gargoyle.
The gargoyle hurls a stone arrow at you.
The stone arrow hits you!!
You die...

.##...##......'..
.###'###.....##. ...#
.. ......##...†.#
...##.. .Z............#
....... Z##...........#
....... .#..♣.........#
..... .#≈≈♣.##.....##
...#
..≈.Z.###########...###
..P≈≈..#........@.....#
.#♣P...#....9.........#
.#.....')((...........#
.#....#######>.########
.#....# #.?# .##...#
... # #...# ... >...#
..Y. #(...#


You could see a gargoyle and an ice beast (sleeping).

Vanquished Creatures
  A centaur warrior (D:10)
  3 two-headed ogres
  A tengu warrior (D:12)
  An unseen horror (D:10)
  Pikel (D:9)
  A manticore (D:11)
  A centaur zombie (D:11)
  2 trolls
  A hornet (D:9)
  5 hippogriffs
  Prince Ribbit (D:6)
  3 yaks (D:10)
  A wyvern (D:10)
  Grum (D:10)
  A human (D:10)
  2 water moccasins
  A slave (D:9)
  7 orc warriors
  2 eyes of draining
  3 ice beasts
  4 sky beasts
  3 wolves (D:10)
  6 ogres
  2 centaurs
  A big kobold (D:10)
  A gnoll sergeant (D:12)
  6 bullfrogs
  A wyvern zombie (D:10)
  6 scorpions
  6 killer bees
  A wight (D:10)
  A howler monkey (D:6)
  3 crimson imps
  A quasit (D:6)
  5 hounds
  3 jellies
  7 orc priests
  5 bullfrog skeletons
  5 iguanas
  Terence (D:2)
  7 orc wizards
  4 worker ants
  A hound skeleton (D:7)
  A worker ant zombie (D:5)
  9 gnolls
  9 adders
  3 shadow imps
  3 oozes
  An adder skeleton (D:4)
  7 worms
  4 dart slugs (D:1)
  4 leopard geckos
  27 orcs
  4 giant cockroaches
  8 goblins
  3 hobgoblins
  13 jackals
  11 kobolds
  4 quokkas
  A ball python (D:1)
  7 bats
  5 frilled lizards
  2 quokka skeletons (D:4)
  13 rats
258 creatures vanquished.

Vanquished Creatures (collateral kills)
  A centaur warrior (D:11)
  An ugly thing (D:11)
  Maurice (D:10)
  A centaur zombie (D:11)
  A troll (D:10)
  A hippogriff (D:8)
  An acid dragon (D:11)
  A black bear (D:11)
  2 ice beasts
  2 centaurs
  A bullfrog zombie (D:10)
  A hound (D:8)
  An orc priest (D:11)
  3 jellies
  An orc wizard (D:7)
  An iguana (D:6)
  A worker ant zombie (D:6)
  A howler monkey zombie (D:6)
  2 gnolls (D:10)
  A leopard gecko (D:10)
  3 orcs
  A fungus (D:6)
29 creatures vanquished.

Vanquished Creatures (others)
  2 slaves (D:9)
  2 orcs (D:9)
4 creatures vanquished.

Grand Total: 291 creatures vanquished

Notes
Turn   | Place    | Note
-------+----------+-------------------------------------------
     0 | D:1      | daybak the Octopode Venom Mage began the quest for the Orb.
     0 | D:1      | Reached XP level 1. HP: 11/11 MP: 3/3
   116 | D:1      | Reached XP level 2. HP: 14/18 MP: 3/5
   120 | D:1      | Learned a level 2 spell: Poisonous Vapours
   240 | D:1      | Reached skill level 1 in Fighting
   401 | D:1      | Reached XP level 3. HP: 23/23 MP: 0/6
   632 | D:1      | Reached skill level 4 in Poison Magic
  1271 | D:1      | Reached XP level 4. HP: 26/29 MP: 7/7
  1792 | D:2      | Learned a level 4 spell: Olgreb's Toxic Radiance
  1805 | D:2      | Reached skill level 1 in Air Magic
  2546 | D:3      | Noticed Terence
  2560 | D:2      | Killed Terence
  2560 | D:2      | Reached skill level 1 in Polearms
  2560 | D:2      | Reached XP level 5. HP: 34/34 MP: 4/8
  2864 | D:3      | Found a burning altar of Makhleb.
  2864 | D:3      | Noticed a green death
  2867 | D:3      | Noticed a neqoxec
  2867 | D:3      | Noticed a ynoxinul
  2869 | D:3      | Became a worshipper of Makhleb the Destroyer
  3306 | D:3      | Found a blossoming altar of Fedhas.
  3319 | D:3      | Reached skill level 5 in Poison Magic
  3319 | D:3      | Reached XP level 6. HP: 30/40 MP: 2/10
  3638 | D:4      | Found Orghuof's Jewellery Shoppe.
  3795 | D:4      | Reached * piety under Makhleb
  3954 | D:4      | Reached XP level 7. HP: 36/45 MP: 10/12
  4199 | D:4      | Found a bloodstained altar of Trog.
  4269 | D:4      | Reached skill level 6 in Poison Magic
  4289 | D:5      | Entered Level 5 of the Dungeon
  5074 | D:5      | Found Mokkejatt's Armour Shoppe.
  5296 | D:5      | Found an iron altar of Okawaru.
  5341 | D:5      | Learned a level 1 spell: Animate Skeleton
  5345 | D:5      | Learned a level 3 spell: Regeneration
  5599 | D:6      | Reached skill level 1 in Necromancy
  5601 | D:6      | Reached skill level 7 in Poison Magic
  5601 | D:6      | Reached XP level 8. HP: 52/52 MP: 7/13
  5723 | D:6      | Found a runed translucent door.
  5724 | D:6      | Noticed Crazy Yiuf
  5774 | D:6      | Noticed Prince Ribbit
  5796 | D:6      | Killed Prince Ribbit
  5796 | D:6      | Reached skill level 1 in Throwing
  5837 | D:6      | Found a staircase to the Ecumenical Temple.
  6059 | D:6      | Found a glowing silver altar of Zin.
  6391 | D:7      | Found an opulent altar of Gozag.
  6540 | D:7      | Noticed a wizard
  6580 | D:7      | Noticed a hippogriff
  6583 | D:7      | Reached ** piety under Makhleb
  6583 | D:7      | Reached skill level 1 in Shields
  6610 | D:7      | Killed a hippogriff
  6766 | D:7      | Reached skill level 8 in Poison Magic
  6766 | D:7      | Reached XP level 9. HP: 47/58 MP: 5/16
  7145 | D:7      | Noticed a centaur warrior
  7145 | D:7      | Noticed a troll
  7161 | D:7      | Noticed a wizard
  7224 | D:7      | Found a radiant altar of Vehumet.
  7224 | D:7      | Found a basalt altar of Yredelemnul.
  7360 | D:7      | Reached skill level 5 in Spellcasting
  7514 | D:7      | Reached skill level 5 in Stealth
  7535 | D:7      | Noticed a fire dragon
  7620 | D:8      | Noticed a two-headed ogre
  7630 | D:8      | Killed a two-headed ogre
  7774 | D:8      | Reached XP level 10. HP: 65/65 MP: 10/18
  7811 | D:8      | Reached skill level 9 in Poison Magic
  7968 | D:8      | Reached *** piety under Makhleb
  8607 | D:9      | Found Irerunn's Food Emporium.
  8706 | D:9      | Noticed Pikel
  8715 | D:9      | Killed Pikel
  8727 | D:9      | Found a sacrificial altar of Ru.
  8748 | D:9      | Reached skill level 1 in Invocations
  9356 | D:10     | Entered Level 10 of the Dungeon
  9506 | D:10     | Reached skill level 1 in Charms
  9508 | D:10     | Noticed Grum
  9541 | D:10     | Killed Grum
  9665 | D:10     | Got a polished spear
  9666 | D:10     | Identified the cursed +1 spear "Killer Bee's Curse"
                  | {pierce, Int+2} (You found it on level 10 of the Dungeon)
  9751 | D:10     | Noticed a centaur warrior
  9767 | D:10     | Killed a centaur warrior
  9908 | D:10     | Identified the +1 buckler of the Sneaky Tales {rF+ Regen+}
  9967 | D:10     | Found a staircase to the Lair.
 10121 | D:10     | Learned a level 4 spell: Animate Dead
 10197 | D:10     | Found a runed translucent door.
 10247 | D:10     | Noticed Maurice
 10250 | D:10     | Reached XP level 11. HP: 61/70 MP: 4/21
 10259 | D:10     | Reached skill level 5 in Fighting
 10289 | D:10     | Killed Maurice
 10289 | D:10     | Reached skill level 10 in Poison Magic
 10430 | D:10     | Found a shimmering altar of Xom.
 10445 | D:10     | Reached skill level 5 in Invocations
 10469 | D:10     | Found a runed translucent door.
 10490 | D:10     | Killed an unseen horror
 10685 | D:10     | Reached **** piety under Makhleb
 10685 | D:10     | Reached skill level 5 in Polearms
 11725 | D:11     | Reached skill level 5 in Necromancy
 11892 | D:11     | Noticed a manticore
 11898 | D:11     | Killed a manticore
 11990 | D:11     | Found a transporter.
 11990 | D:11     | Noticed a fire giant
 11990 | D:11     | Noticed a yaktaur captain
 11991 | D:11     | Noticed an orange crystal statue
 11993 | D:11     | Noticed an orc knight
 11996 | D:11     | Noticed an ogre mage
 12000 | D:11     | Found a transporter.
 12196 | D:11     | Found a snail-covered altar of Cheibriados.
 12249 | D:11     | Noticed a two-headed ogre
 12265 | D:11     | Killed a two-headed ogre
 12280 | D:11     | Reached skill level 5 in Dodging
 12310 | D:11     | Noticed a white ugly thing
 12319 | D:11     | Killed a white ugly thing
 12526 | D:11     | Noticed Snorg
 12701 | D:11     | Noticed a centaur warrior
 12715 | D:11     | Killed a centaur warrior
 12827 | D:12     | Noticed Frances
 12891 | D:12     | Noticed a tengu warrior
 12911 | D:12     | Killed a tengu warrior
 12911 | D:12     | Reached XP level 12. HP: 78/78 MP: 7/23
 12982 | D:12     | Noticed a two-headed ogre
 13006 | D:12     | Killed a two-headed ogre
 13132 | D:12     | HP: 1/79 [gargoyle/stone arrow (11)]
 13136 | D:12     | Killed from afar by a gargoyle

Levels and vault maps discovered:
D:1:      enne_arrival_octagon_isle, layout_basic
D:2:      layout_loops_corners
D:3:      layout_basic, fedhas_altar_fruit_tree, makhleb_altar_promises_db,
          uniq_terence
D:4:      layout_basic, kennysheep_little_box, serial_shops, shop_statue,
          minmay_manual_monstrance
D:5:      layout_gridville, serial_shops, kennysheep_mini, first_ration,
          okawaru_altar_gauntlet_db
D:6:      layout_rooms, nicolae_overflow_hidden_temple, temple_fountains,
          st_stairs_2, uniq_prince_ribbit1, uniq_crazy_yiuf_cottage
D:7:      minmay_the_grid_plus_closed [minmay_the_grid_tri_star,
          minmay_the_grid_eight, minmay_the_grid_spin_star,
          minmay_the_grid_garden, minmay_the_grid_prize_four_corners],
          layout_gridville, chequers_temple_overflow_statue_of_worship
D:8:      layout_loops_ring
D:9:      layout_rooms, old_standard_altar, serial_shops, shop_fountains,
          uniq_pikel
D:10:     cheibrodos_histonic, layout_irregular_city, dpeg_oklobed_lair,
          basic_altar, grunt_pizzeria, uniq_grum, uniq_maurice
D:11:     gammafunk_sealed_arena, layout_basic, basic_altar, uniq_snorg
D:12:     layout_gridville, minmay_orc_entry_guard_dogs,
          nicolae_trove_entry_columns, gammafunk_ghost_stat_death,
          serial_bayou_pond_e, uniq_frances

Skill      XL: |  1  2  3  4  5  6  7  8  9 10 11 12 |
---------------+-------------------------------------+-----
Fighting       | 1 2 3 4 5 6 |  6.0
Poison Magic   | 4 5 7 8 9 10 | 10.1
Air Magic      | 1 |  1.1
Stealth        | 3 4 5 6 7 |  7.3
Polearms       | 1 2 3 4 6 |  6.8
Spellcasting   | 3 4 5 6 7 8 |  8.1
Dodging        | 3 4 5 |  5.0
Necromancy     | 1 2 3 4 5 |  5.7
Throwing       | 1 2 3 |  3.8
Shields        | 1 3 4 |  4.1
Invocations    | 4 5 6 |  6.0
Charms         | 2 3 4 |  4.1
Unarmed Combat | |  0.4
Conjurations   | |  1.4

Action                   |  1- 3 |  4- 6 |  7- 9 | 10-12 || total
-------------------------+-------+-------+-------+-------++-------
Melee: Unarmed           |    80 |       |       |       ||    80
       Constrict         |    22 |    11 |    21 |    25 ||    79
       Tentacles         |    16 |     9 |    15 |    35 ||    75
       Halberd           |       |    32 |       |       ||    32
       Flail             |       |    17 |       |       ||    17
       Trident           |       |    20 |   117 |   220 ||   357
       Punch             |       |       |       |     1 ||     1
Throw: Dart              |     2 |       |     3 |     8 ||    13
       Boomerang         |       |     3 |     6 |    17 ||    26
       Javelin           |       |       |       |     3 ||     3
 Cast: Sting             |     9 |       |       |       ||     9
       Poisonous Vapours |     6 |    44 |    70 |   133 ||   253
       Olgreb's Toxic Ra |       |     1 |     9 |    40 ||    50
       Animate Skeleton  |       |       |    17 |    41 ||    58
Invok: Lesser Servant of |       |       |       |     4 ||     4
Evoke: Wand              |       |       |     1 |     2 ||     3
  Use: Scroll            |       |       |     8 |    14 ||    22
       Potion            |       |       |       |     2 ||     2
 Stab: Sleeping          |     4 |    11 |       |     3 ||    18
       Distracted        |       |       |     1 |     5 ||     6
  Eat: Chunk             |     1 |    12 |    15 |    16 ||    44
       Ration            |       |       |       |     2 ||     2
Armor: Skin              |     6 |    13 |     3 |     4 ||    26
Dodge: Dodged            |    55 |    31 |    80 |    90 ||   256
Block: Buckler           |       |       |     9 |    41 ||    50
